TOP OF THE 1ST |
New Hampshire Fisher Cats batting - Pitching for Key West Barracudas : RHP Wilson Flores
|
Pitching: RHP Wilson Flores
|
|
Batting: RHB Matt Silver
|
0-0: Called Strike 0-1: Ball 1-1: Foul Ball, location: 2F 1-2: Ball 2-2: Strikes out swinging
|
Batting: RHB Anthony Hezell
|
0-0: Ball 1-0: Called Strike 1-1: Ground out 5-3 (Groundball, 5S)
|
Batting: LHB Sam Barnes
|
0-0: Foul Ball, location: 2F 0-1: Foul Ball, location: 2F 0-2: Ground out 4-3 (Groundball, 34)
|
Top of the 1st over - 0 run(s), 0 hit(s), 0 error(s), 0 left on base; New Hampshire 0 - Key West 0 |
BOTTOM OF THE 1ST |
Key West Barracudas batting - Pitching for New Hampshire Fisher Cats : RHP Ramón Pérez
|
Pitching: RHP Ramón Pérez
|
|
Batting: RHB Luis Pineda
|
0-0: Ball 1-0: Called Strike 1-1: Ball 2-1: Ground out 6-3 (Groundball, 6)
|
Batting: RHB Zander Tremblett
|
0-0: Ball 1-0: Foul Ball, location: 2F 1-1: Ball 2-1: Foul Ball, location: 2F 2-2: Ground out 4-3 (Groundball, 4M)
|
Batting: RHB Carlos Miranda
|
0-0: Called Strike 0-1: Ground out 6-3 (Groundball, 6)
|
Bottom of the 1st over - 0 run(s), 0 hit(s), 0 error(s), 0 left on base; New Hampshire 0 - Key West 0 |
TOP OF THE 2ND |
New Hampshire Fisher Cats batting - Pitching for Key West Barracudas : RHP Wilson Flores
|
Batting: RHB Lu-fang Huie
|
0-0: Ball 1-0: Ball 2-0: Foul Ball, location: 2F 2-1: Ball 3-1: Ground out 5-3 (Groundball, 56S)
|
Batting: RHB Roberto Peña
|
0-0: Foul Ball, location: 2F 0-1: Ball 1-1: Foul Ball, location: 2F 1-2: Ball 2-2: Ground out 6-3 (Groundball, 6)
|
Batting: RHB Phil Matthews
|
0-0: Ball 1-0: Called Strike 1-1: Swinging Strike 1-2: Strikes out swinging
|
Top of the 2nd over - 0 run(s), 0 hit(s), 0 error(s), 0 left on base; New Hampshire 0 - Key West 0 |
BOTTOM OF THE 2ND |
Key West Barracudas batting - Pitching for New Hampshire Fisher Cats : RHP Ramón Pérez
|
Batting: RHB Ramiro Gámez
|
0-0: Ball 1-0: Called Strike 1-1: Ball 2-1: Ball 3-1: Called Strike 3-2: Ground out 5-3 (Groundball, 56)
|
Batting: RHB Luther Stoffels
|
0-0: Ball 1-0: SINGLE (Groundball, 4M)
|
Batting: LHB Jake Wells
|
0-0: Foul Ball, location: 2F 0-1: Ball 1-1: Ball 2-1: Foul Ball, location: 2F 2-2: Foul Ball, location: 2F 2-2: Strikes out looking
|
Batting: RHB Kenny Cole
|
0-0: Foul Ball, location: 2F 0-1: Called Strike Throwing error on steal attempt, E2 Luther Stoffels to third 0-2: SINGLE (Flyball, 7LS) Luther Stoffels scores
|
Batting: SHB Rodney Birling
|
0-0: Foul Ball, location: 2F 0-1: Ball 1-1: Swinging Strike 1-2: Strikes out swinging
|
Bottom of the 2nd over - 1 run(s), 2 hit(s), 1 error(s), 1 left on base; New Hampshire 0 - Key West 1 |
TOP OF THE 3RD |
New Hampshire Fisher Cats batting - Pitching for Key West Barracudas : RHP Wilson Flores
|
Batting: RHB Sadao Kimura
|
0-0: Fly out, F9 (Flyball, 9LM)
|
Batting: RHB José Hernández
|
0-0: Ball 1-0: Called Strike 1-1: Ground out 4-3 (Groundball, 4)
|
Batting: RHB Tony Reyes
|
0-0: Foul Ball, location: 2F 0-1: Ball 1-1: Ball 2-1: Ball 3-1: Foul Ball, location: 2F 3-2: Strikes out swinging
|
Top of the 3rd over - 0 run(s), 0 hit(s), 0 error(s), 0 left on base; New Hampshire 0 - Key West 1 |
BOTTOM OF THE 3RD |
Key West Barracudas batting - Pitching for New Hampshire Fisher Cats : RHP Ramón Pérez
|
Batting: RHB Dan Craft
|
0-0: Called Strike 0-1: Ball 1-1: Ground out 4-3 (Groundball, 4)
|
Batting: RHB Luis Pineda
|
0-0: Foul Ball, location: 2F 0-1: Ball 1-1: Ball 2-1: Ball 3-1: Called Strike 3-2: Foul Ball, location: 2F 3-2: Base on Balls
|
Batting: RHB Zander Tremblett
|
0-0: Ball 1-0: Called Strike 1-1: Ball 2-1: Foul Ball, location: 2F 2-2: Foul Ball, location: 2F 2-2: Ball 3-2: Foul Ball, location: 2F 3-2: Strikes out looking
|
Batting: RHB Carlos Miranda
|
0-0: Ball 1-0: Fielders Choice at 2nd, U4 (Groundball, 4M)
|
Bottom of the 3rd over - 0 run(s), 0 hit(s), 0 error(s), 1 left on base; New Hampshire 0 - Key West 1 |
TOP OF THE 4TH |
New Hampshire Fisher Cats batting - Pitching for Key West Barracudas : RHP Wilson Flores
|
Batting: RHB Matt Silver
|
0-0: Called Strike 0-1: Ball 1-1: Ball 2-1: Ball 3-1: Ground out 6-3 (Groundball, 6)
|
Batting: RHB Anthony Hezell
|
0-0: Ball 1-0: Fly out, F9 (Flyball, 9D)
|
Batting: LHB Sam Barnes
|
0-0: Called Strike 0-1: Ground out U3 (Groundball, 3S)
|
Top of the 4th over - 0 run(s), 0 hit(s), 0 error(s), 0 left on base; New Hampshire 0 - Key West 1 |
BOTTOM OF THE 4TH |
Key West Barracudas batting - Pitching for New Hampshire Fisher Cats : RHP Ramón Pérez
|
Batting: RHB Ramiro Gámez
|
0-0: Called Strike 0-1: Foul Ball, location: 2F 0-2: Ball 1-2: Reached on error, E5 (Groundball, 56)
|
Batting: RHB Luther Stoffels
|
0-0: Called Strike 0-1: Ball 1-1: Ball 2-1: Ball 3-1: Called Strike 3-2: Base on Balls Ramiro Gámez to second
|
Batting: LHB Jake Wells
|
0-0: SINGLE (Groundball, 6MD) Ramiro Gámez to third Luther Stoffels to second
|
Batting: RHB Kenny Cole
|
0-0: Ball 1-0: Called Strike 1-1: Ball 2-1: Foul Ball, location: 2F 2-2: Ball 3-2: Strikes out swinging
|
Batting: SHB Rodney Birling
|
0-0: Ball 1-0: Swinging Strike 1-1: Fielders Choice at 2nd, 3-6 (Groundball, 3) Ramiro Gámez scores Luther Stoffels to third
|
Batting: RHB Dan Craft
|
0-0: Foul Ball, location: 2F 0-1: Ball 1-1: Ball 2-1: Fielders Choice at 2nd, U6 (Groundball, 6M)
|
Bottom of the 4th over - 1 run(s), 1 hit(s), 1 error(s), 2 left on base; New Hampshire 0 - Key West 2 |
TOP OF THE 5TH |
New Hampshire Fisher Cats batting - Pitching for Key West Barracudas : RHP Wilson Flores
|
Batting: RHB Lu-fang Huie
|
0-0: Foul Ball, location: 2F 0-1: Ball 1-1: Ball 2-1: Foul Ball, location: 2F 2-2: Ground out 6-3 (Groundball, 56)
|
Batting: RHB Roberto Peña
|
0-0: Ball 1-0: Ball 2-0: Foul Ball, location: 2F 2-1: Ball 3-1: Base on Balls
|
Batting: RHB Phil Matthews
|
0-0: Called Strike 0-1: Ball Roberto Peña steals 2nd base 1-1: Ball 2-1: SINGLE (Line Drive, 56D) Roberto Peña to third Runner from 3rd tries for Home, SAFE, no throw or cutoff
|
Batting: RHB Sadao Kimura
|
0-0: Swinging Strike 0-1: 2-RUN HOME RUN (Line Drive, 8LXD), Distance : 423 ft
|
Batting: RHB José Hernández
|
0-0: Ball 1-0: Foul Ball, location: 2F 1-1: Foul Ball, location: 2F 1-2: Foul Ball, location: 2F 1-2: Ball 2-2: SINGLE (Line Drive, 78S)
|
Batting: RHB Tony Reyes
|
0-0: Foul Ball, location: 2F 0-1: Ball 1-1: Ball 2-1: Foul Ball, location: 2F 2-2: Ball 3-2: Strikes out swinging José Hernández steals 2nd base Batter strikes out.
|
Batting: RHB Matt Silver
|
0-0: Ball 1-0: SINGLE (Flyball, 9S) José Hernández to third Runner from 3rd tries for Home, SAFE, throw made home Matt Silver to second
|
Batting: RHB Anthony Hezell
|
0-0: Called Strike 0-1: Foul Ball, location: 2F 0-2: Foul Ball, location: 2F 0-2: Ball 1-2: Ground out 3-1 (Groundball, 34S)
|
Top of the 5th over - 4 run(s), 4 hit(s), 0 error(s), 1 left on base; New Hampshire 4 - Key West 2 |
BOTTOM OF THE 5TH |
Key West Barracudas batting - Pitching for New Hampshire Fisher Cats : RHP Ramón Pérez
|
Batting: RHB Luis Pineda
|
0-0: Ground out 6-3 (Groundball, 6M)
|
Batting: RHB Zander Tremblett
|
0-0: SOLO HOME RUN (Line Drive, 7D), Distance : 411 ft
|
Batting: RHB Carlos Miranda
|
0-0: Foul Ball, location: 2F 0-1: Ball 1-1: Ground out U3 (Groundball, 3L)
|
Batting: RHB Ramiro Gámez
|
0-0: Called Strike 0-1: Foul Ball, location: 2F 0-2: Ball 1-2: Ball 2-2: Strikes out swinging
|
Bottom of the 5th over - 1 run(s), 1 hit(s), 0 error(s), 0 left on base; New Hampshire 4 - Key West 3 |
TOP OF THE 6TH |
New Hampshire Fisher Cats batting - Pitching for Key West Barracudas : RHP Wilson Flores
|
Batting: LHB Sam Barnes
|
0-0: Ball 1-0: SINGLE (Line Drive, 89S)
|
Batting: RHB Lu-fang Huie
|
0-0: Called Strike 0-1: Ball 1-1: Foul Ball, location: 2F 1-2: Foul Ball, location: 2F 1-2: Fly out, F5 (Line Drive, 5)
|
Batting: RHB Roberto Peña
|
0-0: Fly out, F8 (Flyball, 8LD)
|
Batting: RHB Phil Matthews
|
0-0: Ball 1-0: Swinging Strike 1-1: Ball 2-1: Ground out 6-3 (Groundball, 6)
|
Top of the 6th over - 0 run(s), 1 hit(s), 0 error(s), 1 left on base; New Hampshire 4 - Key West 3 |
BOTTOM OF THE 6TH |
Key West Barracudas batting - Pitching for New Hampshire Fisher Cats : RHP Ramón Pérez
|
Batting: RHB Luther Stoffels
|
0-0: Ball 1-0: Swinging Strike 1-1: Ball 2-1: Called Strike 2-2: Foul Ball, location: 2F 2-2: Ball 3-2: Base on Balls
|
Pitching: RHP Grady Connolly
|
|
Batting: LHB Jake Wells
|
0-0: Swinging Strike 0-1: Swinging Strike 0-2: Ball 1-2: Strikes out swinging
|
Batting: RHB Kenny Cole
|
0-0: Ball Luther Stoffels steals 2nd base 1-0: Ball 2-0: Ball 3-0: Base on Balls
|
Batting: SHB Rodney Birling
|
0-0: Ball 1-0: Fly out, F9 (Flyball, 89M)
|
Batting: RHB Dan Craft
|
0-0: Called Strike 0-1: Called Strike 0-2: Ball 1-2: Ball 2-2: Strikes out looking
|
Bottom of the 6th over - 0 run(s), 0 hit(s), 0 error(s), 2 left on base; New Hampshire 4 - Key West 3 |
TOP OF THE 7TH |
New Hampshire Fisher Cats batting - Pitching for Key West Barracudas : RHP Wilson Flores
|
Batting: RHB Sadao Kimura
|
0-0: Ball 1-0: Ground out 1-3 (Groundball, 13S)
|
Batting: RHB José Hernández
|
0-0: Called Strike 0-1: Ball 1-1: Foul Ball, location: 2F 1-2: Foul Ball, location: 2F 1-2: Ball 2-2: Ball 3-2: Foul Ball, location: 2F 3-2: Foul Ball, location: 2F 3-2: Foul Ball, location: 2F 3-2: SINGLE (Groundball, 6MD)
|
Pitching: RHP Tom Clement
|
|
Batting: RHB Tony Reyes
|
0-0: Ball 1-0: Ball 2-0: Ball 3-0: Called Strike 3-1: Foul Ball, location: 2F 3-2: Base on Balls José Hernández to second
|
Pinch Hitting: LHB Gustavo Lozano
|
0-0: Foul Ball, location: 2F 0-1: Foul Ball, location: 2F 0-2: Ball 1-2: Ball 2-2: Strikes out swinging
|
Batting: RHB Anthony Hezell
|
0-0: Called Strike 0-1: Ball 1-1: Fly out, F4 (Line Drive, 4)
|
Top of the 7th over - 0 run(s), 1 hit(s), 0 error(s), 2 left on base; New Hampshire 4 - Key West 3 |
BOTTOM OF THE 7TH |
Key West Barracudas batting - Pitching for New Hampshire Fisher Cats : RHP Grady Connolly
|
Now at SS: Scott Briggs
|
|
Batting: RHB Luis Pineda
|
0-0: Swinging Strike 0-1: Foul Ball, location: 2F 0-2: Strikes out looking
|
Batting: RHB Zander Tremblett
|
0-0: Ball 1-0: Ball 2-0: Called Strike 2-1: Swinging Strike 2-2: Strikes out looking
|
Batting: RHB Carlos Miranda
|
0-0: Foul Ball, location: 2F 0-1: Swinging Strike 0-2: Ball 1-2: Strikes out looking
|
Bottom of the 7th over - 0 run(s), 0 hit(s), 0 error(s), 0 left on base; New Hampshire 4 - Key West 3 |
TOP OF THE 8TH |
New Hampshire Fisher Cats batting - Pitching for Key West Barracudas : RHP Tom Clement
|
Pitching: LHP Lynn White
|
|
Batting: LHB Sam Barnes
|
0-0: Called Strike 0-1: Foul Ball, location: 2F 0-2: Ball 1-2: Foul Ball, location: 2F 1-2: Foul Ball, location: 2F 1-2: Fly out, F9 (Flyball, 9M)
|
Pitching: RHP Steven O'Brien
|
|
Batting: RHB Lu-fang Huie
|
0-0: Called Strike 0-1: Ball 1-1: Swinging Strike 1-2: Strikes out swinging
|
Batting: RHB Roberto Peña
|
0-0: Foul Ball, location: 2F 0-1: Ball 1-1: SINGLE (Groundball, 6MD) (infield hit)
|
Batting: RHB Phil Matthews
|
0-0: Ball 1-0: SINGLE (Groundball, 34D) Roberto Peña to second Runner from 2nd tries for 3rd, SAFE, no throw or cutoff
|
Pinch Hitting: RHB Billy Campbell
|
0-0: SINGLE (Line Drive, 4D) Roberto Peña scores Phil Matthews to second Runner from 2nd tries for 3rd, SAFE, throw made to third
|
Batting: RHB José Hernández
|
0-0: Swinging Strike 0-1: Ball 1-1: Foul Ball, location: 2F 1-2: Strikes out swinging
|
Top of the 8th over - 1 run(s), 3 hit(s), 0 error(s), 2 left on base; New Hampshire 5 - Key West 3 |
BOTTOM OF THE 8TH |
Key West Barracudas batting - Pitching for New Hampshire Fisher Cats : RHP Grady Connolly
|
Pitching: RHP Ernesto Rivera
|
|
Now at 1B: Billy Campbell
|
|
Batting: RHB Ramiro Gámez
|
0-0: Ground out 5-3 (Groundball, 56)
|
Batting: RHB Luther Stoffels
|
0-0: Called Strike 0-1: Ball 1-1: Ball 2-1: DOUBLE (Line Drive, 78M)
|
Pitching: RHP José Romano
|
|
Batting: LHB Jake Wells
|
0-0: Called Strike 0-1: Swinging Strike 0-2: Ball 1-2: Ball 2-2: Ball 3-2: Strikes out looking
|
Batting: RHB Kenny Cole
|
0-0: Ball 1-0: Ball 2-0: Ball 3-0: Called Strike 3-1: Swinging Strike 3-2: Foul Ball, location: 2F 3-2: Strikes out swinging
|
Bottom of the 8th over - 0 run(s), 1 hit(s), 0 error(s), 1 left on base; New Hampshire 5 - Key West 3 |
TOP OF THE 9TH |
New Hampshire Fisher Cats batting - Pitching for Key West Barracudas : RHP Steven O'Brien
|
Batting: RHB Tony Reyes
|
0-0: Fly out, F7 (Flyball, 78M)
|
Batting: RHB Scott Briggs
|
0-0: Fly out, F9 (Popup, 89S)
|
Batting: RHB Anthony Hezell
|
0-0: Called Strike 0-1: Called Strike 0-2: Strikes out swinging
|
Top of the 9th over - 0 run(s), 0 hit(s), 0 error(s), 0 left on base; New Hampshire 5 - Key West 3 |
BOTTOM OF THE 9TH |
Key West Barracudas batting - Pitching for New Hampshire Fisher Cats : RHP José Romano
|
Pitching: LHP Carlos Berru
|
|
Now at C: Tim Robertson
|
|
Batting: SHB Rodney Birling
|
0-0: Ground out 6-3 (Groundball, 6M)
|
Batting: RHB Dan Craft
|
0-0: Called Strike 0-1: Called Strike 0-2: Ball 1-2: Ball 2-2: Ball 3-2: Base on Balls
|
Batting: RHB Luis Pineda
|
0-0: Called Strike 0-1: Ball 1-1: Ball 2-1: SINGLE (Flyball, 7S) Dan Craft to second
|
Batting: RHB Zander Tremblett
|
0-0: Called Strike 0-1: Called Strike 0-2: Ball 1-2: Ball 2-2: Strikes out swinging
|
Pinch Hitting: LHB Dillon Beck
|
0-0: Called Strike 0-1: SINGLE (Groundball, 34D) Dan Craft to third Luis Pineda to second Runner from 3rd tries for Home, SAFE, no throw or cutoff
|
Pinch Hitting: LHB Arturo López
|
0-0: Swinging Strike 0-1: Swinging Strike 0-2: Strikes out looking
|
Bottom of the 9th over - 1 run(s), 2 hit(s), 0 error(s), 2 left on base; New Hampshire 5 - Key West 4 |
|